 Dungeon Crawl Stone Soup version 0.21-a0-265-gb353147 (webtiles) character file.

322307 Chiseanne the Peltast (level 20, 0/147 HPs)
             Began as a Demonspawn Wanderer on Sept 11, 2017.
             Was an Initiate of Gozag.
             Slain by Mennas
             ... wielding a +1 sacred scourge of holy wrath
              (8 damage)
             ... on level 2 of the Vaults on Sept 12, 2017.
             The game lasted 03:46:46 (53233 turns).

Chiseanne the Peltast (Demonspawn Wanderer)        Turns: 53233, Time: 03:46:47

Health: 0/147      AC: 27    Str: 30    XL:     20   Next: 66%
Magic:  37/37      EV: 17    Int: 15    God:    Gozag
Gold:   1242       SH:  0    Dex: 20    Spells: 12/45 levels left

rFire    + + .     SeeInvis .   a - +7 whip of the Wasteland {venom, Str+7}
rCold    + + .     Gourm    .   i - +5 large shield {rC+ rF+}
rNeg     + . .     Faith    .   H - +6 storm dragon scales of Salvation {+Fly rElec Slay+5}
rPois    .         Spirit   .   (helmet unavailable)
rElec    +         Reflect  +   e - scarf {repulsion}
rCorr    .         Harm     .   m - +2 pair of gloves {archery}
MR       +....                  A - +0 pair of boots
Stlth    +.........             h - amulet "Sakel" {Reflect Str+3 SH+4}
HPRegen  0.34/turn              r - ring of Mirth {rN+ Str+4 Dex+3}
MPRegen  0.25/turn              E - ring of protection from cold

@: confused, glowing, repel missiles
A: horns 3, fire resistance 1, nightstalker 3, spiny 2, sturdy frame 3
}: 2/15 runes: serpentine, barnacled
a: Potion Petition, Call Merchant, Bribe Branch, Renounce Religion, Evoke Flight


You were on level 2 of the Vaults.
You worshipped Gozag.
Gozag was most pleased with you.
You were not hungry.

You visited 8 branches of the dungeon, and saw 38 of its levels.
You visited the Abyss 1 time.
You also visited: Labyrinth, Bailey, Volcano and Desolation.

You collected 22113 gold pieces.
You spent 10621 gold pieces at shops.
You paid 10250 gold pieces to Gozag.

Inventory:

Hand Weapons
 a - the +7 whip of the Wasteland (weapon) {venom, Str+7}
   (You found it on level 13 of the Dungeon)

   It poisons the flesh of those it strikes.
   It affects your strength (+7).
 d - the +3 scimitar "Icvommish" {slice, rF- rN++ Int+6}
   (You found it on level 4 of the Shoals)

   It inflicts extra damage upon your enemies.
   It affects your intelligence (+6).
   It makes you vulnerable to fire.
   It greatly protects you from negative energy.
 f - a +4 eveningstar of protection
 s - the +4 spear "Kuoffaju" {elec, rN++ Dex+4}
   (You found it on level 7 of the Dungeon)

   Occasionally, upon striking a foe, it will discharge some electrical energy
   and cause terrible harm.
   It affects your dexterity (+4).
   It greatly protects you from negative energy.
Missiles
 K - 3 throwing nets {!*}
 Y - 33 javelins of returning
 Z - 44 javelins (quivered)
Armour
 e - a scarf of repulsion (worn)
 i - a +5 large shield of resistance (worn)
 m - a +2 pair of gloves of archery (worn)
 A - a +0 pair of boots (worn)
 H - the +6 storm dragon scales of Salvation (worn) {+Fly rElec Slay+5}
   (You took it off a servant of whispers in the Desolation of Salt)

   It affects your accuracy and damage with ranged weapons and melee attacks
   (+5).
   It insulates you from electricity.
   It lets you fly.
Jewellery
 h - the amulet "Sakel" (around neck) {Reflect Str+3 SH+4}
   (You bought it in a shop on level 1 of the Elven Halls)

   [amulet of reflection]

   It shields you and reflects attacks.
   It affects your strength (+3).
   It affects your SH (+4).
 r - the ring of Mirth (left hand) {rN+ Str+4 Dex+3}
   (You took it off a deep elf mage on level 3 of the Elven Halls)

   [ring of positive energy]

   It affects your strength (+4).
   It affects your dexterity (+3).
   It protects you from negative energy.
 v - an uncursed amulet of regeneration
 z - the ring of Bueplumu {*Corrode rPois MP+9 Int+5}
   (You took it off a deep elf archer on level 3 of the Elven Halls)

   [ring of magical power]

   It affects your intelligence (+5).
   It protects you from poison.
   It affects your magic capacity (+9).
   It may corrode you when you take damage.
 E - a ring of protection from cold (right hand)
 M - the ring "Vacwyiso" {rC- Str+2 Int+2 Dex+4 SInv}
   (You bought it in a shop on level 10 of the Dungeon)

   [ring of intelligence]

   It affects your strength (+2).
   It affects your intelligence (+2).
   It affects your dexterity (+4).
   It makes you vulnerable to cold.
   It lets you see invisible.
Wands
 g - a wand of acid (9/15)
 y - a wand of digging (4/24)
 F - a wand of enslavement (13/24)
Scrolls
 o - 8 scrolls of teleportation
 x - 6 scrolls of recharging
 B - 4 scrolls of fear
 C - 3 scrolls of amnesia
 G - a scroll of summoning
 I - 9 scrolls of identify
 J - a scroll of brand weapon
 N - 3 scrolls of magic mapping
 V - 14 scrolls of remove curse
Potions
 j - 3 potions of berserk rage
 q - a potion of invisibility
 O - a potion of mutation
 Q - 3 potions of flight
 R - 3 potions of resistance
Books
 p - a book of Battle

   Spells                             Type                      Level
   a - Infusion                       Charms                       1
   b - Shroud of Golubria             Charms/Translocation         2
   c - Song of Slaying                Charms                       2
   d - Spectral Weapon                Hexes/Charms                 3
   e - Regeneration                   Charms/Necromancy            3
Miscellaneous
 k - 2 sacks of spiders
 l - a fan of gales
 t - a lightning rod (4/4)
 w - a phial of floods
 D - a phantom mirror
 S - a box of beasts
Comestibles
 n - 17 meat rations
 T - 9 bread rations


   Skills:
 - Level 10.0 Fighting
   Level 5.7(8.0) Axes
 - Level 5.0(6.2) Maces & Flails
 - Level 6.8(7.8) Polearms
   Level 1.7 Bows
 - Level 2.1 Throwing
 - Level 14.3 Armour
 - Level 10.0 Dodging
 - Level 1.0 Stealth
 * Level 19.7 Shields
 - Level 13.2 Spellcasting
 - Level 3.0 Conjurations
 - Level 9.5 Hexes
 - Level 1.5 Translocations
 - Level 4.6 Air Magic
 - Level 9.4 Poison Magic


You had 12 spell levels left.
You knew the following spells:

 Your Spells              Type           Power        Failure   Level  Hunger
a - Sting                 Conj/Pois      ####         1%          1    None
b - Confuse               Hex            #####...     1%          3    None
c - Olgreb's Toxic Radia  Pois           #####...     4%          4    ##.....
d - Mephitic Cloud        Conj/Pois/Air  ####....     6%          3    None
e - Blink                 Tloc           N/A          17%         2    None
f - Tukima's Dance        Hex            #####...     1%          3    None
g - Apportation           Tloc           ##....       11%         1    None
h - Summon Butterflies    Summ           #.......     22%         1    None
i - Lesser Beckoning      Tloc           ##........   32%         3    None
j - Cause Fear            Hex            #####.....   4%          4    ##.....
k - Inner Flame           Hex/Fire       ###.....     9%          3    None
l - Venom Bolt            Conj/Pois      ####......   41%         5    #####..


Dungeon Overview and Level Annotations

Branches:
Dungeon (15/15)            Temple (1/1) D:7            Lair (6/6) D:8
 Shoals (4/4) Lair:3        Snake (4/4) Lair:3        Slime (0/5) Lair:6
    Orc (2/2) D:10            Elf (3/3) Orc:2        Vaults (3/5) D:14
 Depths (0/5) D:15
  Crypt: Vaults:2-3

Altars:
Ashenzari
Cheibriados
Dithmenos
Gozag
Kikubaaqudgha
Nemelex Xobeh
Ru
Vehumet
The Shining One
Beogh

Shops:
D:8 ?   D:10 [=[   D:11 =   D:12 !(   D:15 **[*[   Orc:2 ?(}(   Elf:1 =}=
Snake:1 *

Annotations:
Elf:2 3 runed doors
Vaults:2 Mennas


Innate Abilities, Weirdness & Mutations

You have a pair of large horns on your head.
Your flesh is heat resistant. (rF+)
You are completely attuned to the shadows.
You are mostly covered in sharp spines.
Your movements are significantly less encumbered by armour. (ER -6)


Message History

The orc warrior no longer looks unusually strong.
Mennas gestures frantically.
You are confused.
You're too confused!
The warg looks more healthy.
Mennas misses you.
Mennas hits you with a sacred scourge of holy wrath.
* * * LOW HITPOINT WARNING * * *
You convulse.
* * * LOW HITPOINT WARNING * * *
You bump into the stone wall.
Mennas hits you with a sacred scourge of holy wrath.
* * * LOW HITPOINT WARNING * * *
You convulse.
* * * LOW HITPOINT WARNING * * *
Mennas hits you with a sacred scourge of holy wrath.
* * * LOW HITPOINT WARNING * * *
You convulse!
You die...
Your body crumbles into a pile of gold.

#≈≈...≈≈#)........#......#
.....#≈≈...≈≈#.........#......#
......#..A....#.........#....<.#
.......#.......#.........#......#
.......#.......#.........#......#
.......'≈≈...≈≈#.........#'######
.......#≈≈...≈≈#.................
.......#########.................
.............phA@................
.............o#########..........
.............o#.... #....######
..............#.... #....#.....
..............'.... #....+.8.≈≈
......#.... #....#..≈≈≈
##....#.... #....'.≈≈≈P
#....#...> #....#..... #....#....
#....#.≈≈≈P


You could see Mennas, a vault warden, a warg and an orc warrior.

Vanquished Creatures
  Jorgrun (Elf:3)
  2 deep elf blademasters (Elf:3)
  A deep elf master archer (Elf:3)
  Kirke (D:15)
  Agnes (Snake:1)
  Ilsuiw (Shoals:4)
  10 nagarajas
  4 vault wardens
  Aizul (Snake:2)
  4 deep elf sorcerers
  4 deep elf elementalists (Elf:3)
  4 imperial myrmidons (Desolation)
  An orc warlord (Orc:2)
  3 ironheart preservers
  A stone giant (Vaults:3)
  6 deep elf demonologists (Elf:3)
  Nessos (D:12)
  6 deep elf annihilators
  7 deep elf death magi (Elf:3)
  2 deep elf high priests (Elf:3)
  A minotaur (Lab)
  2 crystal guardians (Desolation)
  7 merfolk impalers
  5 merfolk javelineers
  6 ragged hierophants (Desolation)
  An ettin (Orc:1)
  A fire dragon (Volcano)
  A great orb of eyes (shapeshifter) (Elf:2)
  A yaktaur captain (D:15)
  10 servants of whispers
  13 hydras
  Erolcha (Orc:2)
  6 merfolk avatars
  4 vault guards
  An ice dragon (Vaults:3)
  19 naga warriors
  2 catoblepae
  5 merfolk aquamancers
  10 centaur warriors
  3 peacekeepers (Desolation)
  19 anacondas
  7 ogre magi
  26 two-headed ogres
  A satyr (Shoals:4)
  A tengu warrior (D:15)
  A death knight (D:15)
  A deep troll shaman (Lair:6)
  5 death yaks (Lair:6)
  2 orc high priests
  Urug (Lair:4)
  12 naga sharpshooters
  A storm dragon zombie (Vaults:1)
  Nergalle (Orc:2)
  5 shock serpents
  8 deep elf knights
  A shadow wraith (Vaults:3)
  A salamander mystic (Snake:3)
  5 skeletal warriors
  19 sea snakes
  2 unseen horrors
  6 wizards
  A flayed ghost (Vaults:3)
  7 deep elf archers
  An orange crystal statue (Vaults:2)
  6 naga ritualists
  A deep troll (Vaults:3)
  10 ironbrand convokers
  A lindwurm (Lair:6)
  2 wolf spiders
  11 harpies
  A necromancer (Vaults:1)
  10 fauns
  10 orc sorcerers
  34 deep elf magi
  7 orc knights
  The ghost of Maragoth the Unseen, a novice SpEn of Dithmenos (Bailey)
  8 mana vipers
  5 cyclopes
  10 ugly things
  11 elephants
  5 manticores
  15 salamanders
  36 black mambas
  20 naga magi
  8 guardian serpents
  9 merfolk sirens
  9 vault sentinels
  5 water nymphs
  A stone giant skeleton (Vaults:1)
  2 molten gargoyles (Desolation)
  A gargoyle (D:13)
  10 spiny frogs
  2 rime drakes
  A kobold demonologist (Bailey)
  19 yaktaurs
  4 freezing wraiths
  A komodo dragon (Lair:1)
  A yaktaur zombie (Vaults:1)
  A human skeleton (Vaults:1)
  An ancient zyme (Abyss:1)
  19 merfolk
  A queen bee (D:9)
  2 polar bears
  3 trolls
  13 slime creatures
  54 saltlings
  A hornet (shapeshifter) (D:14)
  6 hornets
  5 wind drakes
  5 snapping turtles
  4 blink frogs (Lair:6)
  11 hippogriffs
  A human simulacrum (Vaults:3)
  A blink frog (shapeshifter) (Vaults:3)
  3 dream sheep
  A centaur simulacrum (D:15)
  5 air elementals
  A wraith (D:15)
  14 water elementals
  11 wyverns
  A hog (D:15)
  3 fire bats (Volcano)
  Eustachio (D:6)
  52 yaks
  4 fire elementals
  8 basilisks
  4 steam dragons (Volcano)
  2 hungry ghosts
  2 vampire mosquitoes (D:12)
  53 nagas
  5 wargs (Orc:2)
  A soldier ant (D:10)
  12 porcupines
  11 water moccasins
  21 orc warriors
  2 eyes of draining
  5 ice beasts
  A sky beast (D:14)
  6 black bears
  2 necrophages
  23 ogres
  5 phantoms
  9 wolves
  3 boggarts (Vaults:3)
  A centaur (shapeshifter) (Elf:1)
  24 centaurs
  13 crocodiles
  A bullfrog (shapeshifter) (Vaults:1)
  17 bullfrogs
  A wyvern zombie (D:13)
  A small abomination (Abyss:1)
  2 wyvern skeletons
  7 scorpions
  19 killer bees (D:9)
  12 wights
  5 electric eels
  A howler monkey (D:6)
  10 crimson imps
  A bullfrog zombie (D:13)
  3 centaur zombies
  2 jellies
  9 orc priests
  4 centaur skeletons
  7 hounds
  3 iguanas
  27 orc wizards
  Natasha (thrice) (D:4)
  10 worker ants
  A hound zombie (D:5)
  A hound skeleton (D:11)
  A worker ant zombie (D:10)
  8 gnolls
  A howler monkey skeleton (D:4)
  9 adders
  3 shadow imps
  An adder skeleton (D:9)
  An adder zombie (D:3)
  6 worms
  A dart slug (D:3)
  7 leopard geckos
  80 orcs
  2 bats
  5 giant cockroaches
  16 goblins
  17 hobgoblins
  15 jackals
  8 quokkas
  4 ball pythons
  3 frilled lizards
  9 kobolds
  A leopard gecko zombie (D:5)
  6 rats
  A fungus (Lair:6)
  3 plants (D:13)
1363 creatures vanquished.

Vanquished Creatures (others)
  A deep elf master archer (Elf:3)
  A centaur warrior (Vaults:3)
  9 dancing weapons
  2 deep elf magi (Elf:1)
  A black mamba (Snake:2)
  A yaktaur (Vaults:3)
  A sky beast (D:5)
  An ogre (Vaults:3)
  An orc (Elf:3)
  4 bushes (D:8)
  11 fungi
  21 plants
54 creatures vanquished.

Grand Total: 1417 creatures vanquished

Notes
Turn   | Place    | Note
-------+----------+-------------------------------------------
     0 | D:1      | Chiseanne the Demonspawn Wanderer began the quest for the Orb.
     0 | D:1      | Chiseanne set off with: a +2 hand axe, a potion of curing, a +0 ring mail, a bread ration
     0 | D:1      | Reached XP level 1. HP: 15/15 MP: 1/1
   212 | D:1      | Gained mutation: You have a pair of small horns on your head. [demonic ancestry]
   212 | D:1      | Reached XP level 2. HP: 21/21 MP: 2/2
   379 | D:1      | Reached skill level 1 in Dodging
   563 | D:2      | Gained mutation: You are slightly more attuned to the shadows. [demonic ancestry]
   563 | D:2      | Reached XP level 3. HP: 26/26 MP: 3/3
  1352 | D:3      | Reached XP level 4. HP: 23/33 MP: 4/4
  1867 | D:3      | Reached XP level 5. HP: 36/39 MP: 5/5
  2165 | D:4      | Noticed Natasha
  2171 | D:4      | Killed Natasha
  2178 | D:4      | Noticed a phantom
  2205 | D:4      | Killed a phantom
  2252 | D:4      | Gained mutation: Your movements are slightly less encumbered by armour. (ER -2) [demonic ancestry]
  2252 | D:4      | Reached XP level 6. HP: 43/47 MP: 6/6
  2307 | D:4      | Noticed Natasha
  2312 | D:4      | Killed Natasha
  2362 | D:4      | Noticed Natasha
  2375 | D:4      | Killed Natasha
  2779 | D:4      | Found a sparkling altar of Nemelex Xobeh.
  2830 | D:5      | Entered Level 5 of the Dungeon
  2832 | D:5      | Noticed a wyvern
  2834 | D:5      | Killed a wyvern
  2834 | D:5      | Reached XP level 7. HP: 53/53 MP: 7/7
  3071 | D:5      | Reached skill level 5 in Armour
  3118 | D:5      | Gained mutation: You are significantly more attuned to the shadows. [demonic ancestry]
  3118 | D:5      | Reached XP level 8. HP: 31/61 MP: 8/8
  3460 | D:5      | Found a snail-covered altar of Cheibriados.
  3753 | D:5      | Reached skill level 5 in Fighting
  3884 | D:6      | Noticed Eustachio
  3894 | D:6      | Killed Eustachio
  3917 | D:6      | Reached skill level 5 in Axes
  4251 | D:6      | Reached skill level 5 in Dodging
  4418 | D:7      | Reached XP level 9. HP: 54/69 MP: 9/9
  4512 | D:7      | Found a staircase to the Ecumenical Temple.
  4563 | Temple   | Entered the Ecumenical Temple
  4573 | Temple   | Chiseanne: oh, ich glaube ich mache mal etwas verrücktes und nehme zur Abwechslung Gozak!
  4575 | Temple   | Became a worshipper of Gozag Ym Sagoz the Greedy
  4824 | D:7      | Got a steaming spear
  4825 | D:7      | Identified the +4 spear "Kuoffaju" {elec, rN++ Dex+4} (You found it on level 7 of the Dungeon)
  5008 | D:8      | Noticed a two-headed ogre
  5030 | D:8      | Killed a two-headed ogre
  5030 | D:8      | Reached skill level 1 in Polearms
  5035 | D:8      | Found Nics's Magic Scroll Shoppe.
  5137 | D:8      | Bought a scroll of teleportation for 36 gold pieces
  5137 | D:8      | Bought a scroll of teleportation for 36 gold pieces
  5137 | D:8      | Bought a scroll of magic mapping for 42 gold pieces
  5137 | D:8      | Bought a scroll of fear for 42 gold pieces
  5169 | D:8      | Found a staircase to the Lair.
  5230 | D:8      | Gained mutation: Your movements are less encumbered by armour. (ER -4) [demonic ancestry]
  5230 | D:8      | Reached XP level 10. HP: 62/79 MP: 10/10
  5359 | D:8      | Noticed a deep elf mage
  5370 | D:8      | Killed a deep elf mage
  5810 | D:8      | Chiseanne: why is there no weapon called "covfefe" ???
  5908 | D:9      | Noticed a two-headed ogre
  5921 | D:9      | Killed a two-headed ogre
  6425 | D:9      | Reached skill level 5 in Polearms
  6849 | D:10     | Entered Level 10 of the Dungeon
  6887 | D:10     | Found Mykues's Antique Armour Shoppe.
  6893 | D:10     | Bought a pair of runed gloves for 172 gold pieces
  6893 | D:10     | Bought a spiked buckler for 218 gold pieces
  6908 | D:10     | Identified the +0 buckler of the Gardener {Int+4} (You bought it in a shop on level 10 of the Dungeon)
  6925 | D:10     | Gained mutation: You are partially covered in sharp spines. [demonic ancestry]
  6925 | D:10     | Reached XP level 11. HP: 36/87 MP: 11/11
  6987 | D:10     | Noticed a two-headed ogre
  6991 | D:10     | Killed a two-headed ogre
  6991 | D:10     | Reached skill level 1 in Shields
  7006 | D:10     | Found a flagged portal.
  7011 | Bailey   | Entered a bailey
  7015 | Bailey   | Noticed Maragoth's ghost (novice SpEn)
  7019 | Bailey   | Killed Maragoth's ghost
  7141 | Bailey   | Noticed an orc knight
  7169 | Bailey   | Killed an orc knight
  7194 | Bailey   | Noticed an orc high priest
  7203 | Bailey   | Reached skill level 2 in Shields
  7207 | Bailey   | Killed an orc high priest
  7208 | Bailey   | Found an iron altar of Okawaru.
  7272 | Bailey   | Noticed an orc knight
  7314 | Bailey   | Killed an orc knight
  7371 | Bailey   | Noticed an orc knight
  7384 | Bailey   | Killed an orc knight
  7450 | Bailey   | Noticed an orc knight
  7470 | Bailey   | Killed an orc knight
  7470 | Bailey   | Reached skill level 3 in Shields
  7525 | Bailey   | Got a bloodstained leather armour
  7573 | Bailey   | Identified the +1 leather armour "Gyh Paah" {rF+ Int+3} (You found it in a bailey)
  7575 | Bailey   | Learned a level 1 spell: Sting
  7723 | D:10     | Reached skill level 1 in Poison Magic
  7735 | D:10     | Reached skill level 1 in Spellcasting
  8031 | D:10     | Bought a shimmering ring mail for 297 gold pieces
  8031 | D:10     | Bought a crude leather armour for 231 gold pieces
  8243 | D:10     | Identified the +5 ring mail "Limil" {rElec rC- Int+6 Stlth+} (You bought it in a shop on level 10 of the Dungeon)
  8253 | D:10     | Identified the +3 leather armour "Pasoom" {+Inv rF+ Dex-2} (You bought it in a shop on level 10 of the Dungeon)
  8488 | D:10     | Bought a pair of boots for 103 gold pieces
  8636 | D:9      | Learned a level 2 spell: Poisonous Vapours
  8640 | D:9      | Learned a level 3 spell: Mephitic Cloud
  8708 | D:10     | Bought the -2 hat of the Alchemist {rElec rPois rF+ rC+ rN+ MR+ rMut rCorr} for 1557 gold pieces
  8708 | D:10     | Found the -2 hat of the Alchemist {rElec rPois rF+ rC+ rN+ MR+ rMut rCorr}
  8765 | D:10     | Bought the ring "Vacwyiso" {rC- Str+2 Int+2 Dex+4 SInv} for 340 gold pieces
  8795 | D:10     | Noticed a two-headed ogre
  8804 | D:10     | Killed a two-headed ogre
  8809 | D:10     | Found a staircase to the Orcish Mines.
  8819 | D:10     | Reached skill level 4 in Shields
  8819 | D:10     | Reached XP level 12. HP: 97/97 MP: 13/15
  9001 | D:10     | Noticed a two-headed ogre
  9009 | D:10     | Killed a two-headed ogre
  9009 | D:10     | Reached skill level 10 in Fighting
  9261 | D:11     | Noticed a centaur warrior
  9274 | D:11     | Killed a centaur warrior
  9329 | D:11     | Noticed a centaur warrior
  9335 | D:11     | Killed a centaur warrior
  9614 | D:11     | Reached skill level 5 in Shields
  9657 | D:11     | Noticed a centaur warrior
  9675 | D:11     | Killed a centaur warrior
  9689 | D:11     | Found Ahuolam's Jewellery Shoppe.
  9693 | D:11     | Bought a cursed -2 ring of evasion for 26 gold pieces
 10255 | D:12     | Cast into level 1 of the Abyss (orc)
 10359 | D:12     | Escaped the Abyss
 10381 | D:12     | Got a smelly ring mail
 10384 | D:12     | Identified the +3 ring mail of Domm {Slay+2 SInv} (You found it on level 12 of the Dungeon)
 10490 | D:12     | Reached skill level 10 in Armour
 10490 | D:12     | Reached skill level 5 in Poison Magic
 10746 | D:12     | Noticed an eight-headed hydra
 10753 | D:12     | Killed an eight-headed hydra
 10753 | D:12     | Reached skill level 6 in Shields
 10825 | D:12     | Noticed Nessos
 10833 | D:12     | Killed Nessos
 10978 | D:12     | Reached skill level 5 in Spellcasting
 10989 | D:12     | Reached XP level 13. HP: 68/103 MP: 20/20
 11055 | D:12     | Bought a twisted spear for 200 gold pieces
 11056 | D:12     | Identified the cursed +0 spear of Xiudemun {vamp, Str+2} (You bought it in a shop on level 12 of the Dungeon)
 11059 | D:12     | Bought a glowing hand crossbow for 162 gold pieces
 11059 | D:12     | Bought a glowing hand crossbow for 162 gold pieces
 11059 | D:12     | Bought a runed hand crossbow for 162 gold pieces
 11163 | D:12     | Found Tasisk's Distillery.
 11167 | D:12     | Bought a potion of cancellation for 120 gold pieces
 11167 | D:12     | Bought a potion of curing for 45 gold pieces
 11167 | D:12     | Bought a potion of curing for 45 gold pieces
 11912 | D:12     | Reached skill level 7 in Shields
 13028 | D:13     | Got a bloodstained whip
 13029 | D:13     | Identified the +7 whip of the Wasteland {venom, Str+7} (You found it on level 13 of the Dungeon)
 13427 | D:14     | Found a glowing golden altar of the Shining One.
 13659 | D:14     | Reached skill level 8 in Shields
 13772 | D:14     | Found a gate to the Vaults.
 14071 | D:15     | Entered Level 15 of the Dungeon
 14199 | D:15     | Gained mutation: You have a pair of horns on your head. [demonic ancestry]
 14199 | D:15     | Reached XP level 14. HP: 102/110 MP: 23/25
 14272 | D:15     | Found a shattered altar of Ashenzari.
 14321 | D:15     | Got a dazzling ring mail
 14322 | D:15     | Identified the +5 ring mail of Amelioration {+Blink MR- Int+2 Stlth+} (You found it on level 15 of the Dungeon)
 14387 | D:15     | Found Xaipsiguko's General Store.
 14393 | D:15     | Bought a scroll of fog for 32 gold pieces
 14393 | D:15     | Bought a scroll of teleportation for 48 gold pieces
 14393 | D:15     | Bought a bread ration for 80 gold pieces
 14393 | D:15     | Bought a potion of resistance for 160 gold pieces
 14393 | D:15     | Bought a potion of heal wounds for 80 gold pieces
 14789 | D:15     | Noticed Kirke
 14819 | D:15     | Killed Kirke
 15077 | D:15     | Found a staircase to the Depths.
 15095 | D:15     | Learned a level 4 spell: Olgreb's Toxic Radiance
 15099 | D:15     | Learned a level 3 spell: Confuse
 15398 | Orc:1    | Entered Level 1 of the Orcish Mines
 15408 | Orc:1    | Paralysed by an orc sorcerer for 3 turns
 15732 | Orc:1    | Found a roughly hewn altar of Beogh.
 16032 | Orc:2    | Entered Level 2 of the Orcish Mines
 16058 | Orc:2    | Noticed an orc warlord
 16088 | Orc:2    | Reached skill level 1 in Maces & Flails
 16210 | Orc:2    | Found a dark tunnel.
 16215 | Volcano  | Entered a volcano
 16428 | Volcano  | Reached skill level 9 in Shields
 16682 | Orc:2    | Found a staircase to the Elven Halls.
 16756 | Orc:2    | Killed an orc warlord
 17079 | Orc:2    | Found Vafaegan's Gadget Shop.
 17201 | Orc:2    | Found a radiant altar of Vehumet.
 17202 | Orc:2    | Noticed Erolcha
 17212 | Orc:2    | Killed Erolcha
 17282 | Orc:2    | Found a roughly hewn altar of Beogh.
 17282 | Orc:2    | Found Bucw's Antique Weapon Boutique.
 17304 | Orc:2    | Bought a crude spear for 264 gold pieces
 17306 | Orc:2    | Found Fomed's Antique Weapon Boutique.
 17315 | Orc:2    | Found Faska's Magic Scroll Shop.
 17322 | Orc:2    | Bought a scroll of acquirement for 728 gold pieces
 17326 | Orc:2    | Bought a scroll of teleportation for 42 gold pieces
 17326 | Orc:2    | Bought a scroll of teleportation for 42 gold pieces
 17326 | Orc:2    | Bought a scroll of fog for 28 gold pieces
 17326 | Orc:2    | Bought a scroll of amnesia for 49 gold pieces
 17326 | Orc:2    | Bought a scroll of identify for 28 gold pieces
 17326 | Orc:2    | Bought a scroll of identify for 28 gold pieces
 17326 | Orc:2    | Bought a scroll of teleportation for 42 gold pieces
 17335 | Orc:2    | Noticed Nergalle
 17342 | Orc:2    | Found an ancient bone altar of Kikubaaqudgha.
 17357 | Orc:2    | Killed Nergalle
 17713 | D:12     | Bought a potion of magic for 120 gold pieces
 17713 | D:12     | Bought a potion of heal wounds for 75 gold pieces
 17713 | D:12     | Bought a potion of might for 60 gold pieces
 17713 | D:12     | Bought a potion of berserk rage for 75 gold pieces
 17713 | D:12     | Bought a potion of invisibility for 120 gold pieces
 17801 | D:15     | Bought a scroll of teleportation for 45 gold pieces
 17801 | D:15     | Bought a meat ration for 75 gold pieces
 17811 | D:15     | Identified the +0 spear of Viepuc {distort, rC+ Int+3 Stlth+} (You bought it in a shop on level 2 of the Orcish Mines)
 18023 | Lair:1   | Entered Level 1 of the Lair of Beasts
 18966 | Lair:2   | Found a labyrinth entrance.
 18973 | Lab      | Entered a labyrinth
 19367 | Lab      | Got an ivory dire flail {crush}
 19372 | Lab      | Identified the +3 dire flail of Pasemn {crush, MR+ Str+4 Int+4 Dex+2} (You took it off a minotaur in a labyrinth)
 19681 | Lair:2   | Gained mutation: You are mostly covered in sharp spines. [demonic ancestry]
 19681 | Lair:2   | Reached XP level 15. HP: 97/115 MP: 27/27
 20186 | Lair:3   | Reached skill level 1 in Air Magic
 20394 | Lair:3   | Found a shattered altar of Ashenzari.
 20531 | Lair:3   | Found a staircase to the Snake Pit.
 20713 | Lair:3   | Found a staircase to the Shoals.
 20999 | Lair:4   | Noticed Urug
 21009 | Lair:4   | Killed Urug
 22640 | Lair:6   | Entered Level 6 of the Lair of Beasts
 22934 | Lair:6   | Reached skill level 5 in Maces & Flails
 23176 | Lair:6   | Reached skill level 10 in Shields
 23609 | Lair:6   | Reached skill level 10 in Spellcasting
 23898 | Lair:6   | Found a staircase to the Slime Pits.
 24333 | D:15     | Bought a scroll labeled OBUFEL GEUGUJ for 34 gold pieces
 24333 | D:15     | Bought an ichor-stained plate armour for 952 gold pieces
 24333 | D:15     | Bought a potion of curing for 102 gold pieces
 24333 | D:15     | Bought a potion of curing for 102 gold pieces
 24333 | D:15     | Bought a lumpy zirconium amulet for 170 gold pieces
 24335 | D:15     | Identified the +3 plate armour "Puepeman" {rPois} (You bought it in a shop on level 15 of the Dungeon)
 24690 | Snake:1  | Entered Level 1 of the Snake Pit
 25278 | Snake:1  | Got an encrusted hand axe
 25279 | Snake:1  | Identified the cursed +0 hand axe of the Eight Stories {flame, rF+ Str+3 Int+4} (You found it on level 1 of the Snake Pit)
 25360 | Snake:1  | Reached skill level 1 in Hexes
 25752 | Snake:1  | Noticed Agnes
 25771 | Snake:1  | Killed Agnes
 25909 | Snake:1  | Reached XP level 16. HP: 51/122 MP: 27/30
 26818 | Snake:1  | Found Netytt's Assorted Antiques.
 26828 | Snake:1  | Bought a warped granite ring for 170 gold pieces
 26828 | Snake:1  | Bought a scroll of identify for 68 gold pieces
 26828 | Snake:1  | Bought a scroll of identify for 68 gold pieces
 26828 | Snake:1  | Bought a potion of brilliance for 136 gold pieces
 26829 | Snake:1  | Identified the ring of Dufriore {MR+ Int+3} (You bought it in a shop on level 1 of the Snake Pit)
 27492 | Snake:2  | Reached skill level 11 in Shields
 28619 | Snake:2  | Noticed Aizul
 28634 | Snake:2  | Killed Aizul
 28859 | Snake:2  | Reached skill level 5 in Hexes
 31008 | Snake:4  | Entered Level 4 of the Snake Pit
 31564 | Snake:4  | Gained mutation: Your movements are significantly less encumbered by armour. (ER -6) [demonic ancestry]
 31564 | Snake:4  | Reached XP level 17. HP: 118/128 MP: 29/32
 31588 | Snake:4  | Reached skill level 1 in Conjurations
 32268 | Snake:4  | Reached skill level 12 in Shields
 34166 | Snake:4  | HP: 6/128 [nagaraja/whip (8)]
 34830 | Snake:4  | Got a serpentine rune of Zot
 35081 | Shoals:1 | Entered Level 1 of the Shoals
 36330 | Shoals:2 | Gained mutation: You are completely attuned to the shadows. [demonic ancestry]
 36330 | Shoals:2 | Reached XP level 18. HP: 118/134 MP: 4/34
 36801 | Shoals:2 | Got a polished ring mail
 36805 | Shoals:2 | Identified the +5 ring mail of the Eight Boll Weevils {rF++} (You found it on level 2 of the Shoals)
 37300 | Shoals:3 | Learned a level 3 spell: Tukima's Dance
 37302 | Shoals:3 | Learned a level 1 spell: Apportation
 37304 | Shoals:3 | Learned a level 1 spell: Summon Butterflies
 37308 | Shoals:3 | Learned a level 3 spell: Lesser Beckoning
 37953 | Shoals:4 | Entered Level 4 of the Shoals
 38163 | Shoals:4 | Noticed Ilsuiw
 38203 | Shoals:4 | Killed Ilsuiw
 38203 | Shoals:4 | Reached skill level 13 in Shields
 38844 | Shoals:4 | Reached skill level 10 in Dodging
 39041 | Shoals:4 | Reached skill level 1 in Translocations
 39235 | Shoals:4 | Identified the +3 scimitar "Icvommish" {slice, rF- rN++ Int+6} (You found it on level 4 of the Shoals)
 39346 | Shoals:4 | Got a barnacled rune of Zot
 39734 | D:15     | Learned a level 4 spell: Cause Fear
 39738 | D:15     | Learned a level 3 spell: Inner Flame
 39744 | D:15     | Learned a level 5 spell: Venom Bolt
 39777 | D:15     | Bought a +0 large shield of resistance for 567 gold pieces
 40027 | Elf:1    | Entered Level 1 of the Elven Halls
 40948 | Elf:1    | Found Bannudi's Jewellery Emporium.
 40948 | Elf:1    | Found Rynwaec's Jewellery Emporium.
 40949 | Elf:1    | Found Lenebue's Gadget Shop.
 40953 | Elf:1    | Bought the amulet "Sakel" {Reflect Str+3 SH+4} for 443 gold pieces
 41084 | Elf:2    | Found a runed gate.
 41084 | Elf:2    | Found a runed gate.
 41084 | Elf:2    | Found a runed gate.
 41124 | Elf:2    | Reached skill level 14 in Shields
 41217 | Elf:2    | Found a radiant altar of Vehumet.
 41377 | Elf:2    | Found a ruined gateway.
 41385 | Desolati | Entered the Desolation of Salt
 42540 | Desolati | Got a fine lapis lazuli ring
 42546 | Desolati | Got a scorched ruby amulet
 42554 | Desolati | Identified the ring "Misecicu" {Int+2 Dex+3} (You found it in the Desolation of Salt)
 42556 | Desolati | Identified the amulet of Papsowk {Harm *Drain rC+ Stlth+} (You found it in the Desolation of Salt)
 42583 | Desolati | Gained mutation: Your flesh is heat resistant. (rF+) [demonic ancestry]
 42583 | Desolati | Reached XP level 19. HP: 49/140 MP: 29/36
 42679 | Desolati | Reached skill level 15 in Shields
 42735 | Desolati | HP: 6/140 [ragged hierophant/a resonance strike (23)]
 42735 | Desolati | HP: 1/140 [peacekeeper (5)]
 43156 | Desolati | Got a vibrating garnet amulet
 43586 | Desolati | Got translucent storm dragon scales
 44906 | Elf:2    | Identified the +6 storm dragon scales of Salvation {+Fly rElec Slay+5} (You took it off a servant of whispers in the Desolation of Salt)
 44918 | Elf:2    | Identified the amulet "Runugoem" {Gourm rN+ Dex-3 Stlth+} (You took it off an imperial myrmidon in the Desolation of Salt)
 45741 | Elf:3    | Entered Level 3 of the Elven Halls
 45798 | Elf:3    | Noticed Jorgrun
 45808 | Elf:3    | Reached skill level 16 in Shields
 45824 | Elf:3    | Killed Jorgrun
 46476 | Elf:3    | Got a vibrating turquoise ring
 46694 | Elf:3    | Got an ivory mace {crush}
 46968 | Elf:3    | Reached skill level 17 in Shields
 46979 | Elf:3    | Got a transparent double sword {drain}
 46980 | Elf:3    | Identified the ring of Mirth {rN+ Str+4 Dex+3} (You took it off a deep elf mage on level 3 of the Elven Halls)
 46994 | Elf:3    | Got a translucent ivory ring
 47021 | Elf:3    | Got an iridescent war axe {vamp}
 47082 | Elf:3    | Got a crystal long sword {slice}
 47166 | Elf:3    | Got a faintly glowing leather armour
 47206 | Elf:3    | Identified the +4 mace of Bafig {crush, rF+} (You took it off a deep elf demonologist on level 3 of the Elven Halls)
 47208 | Elf:3    | Identified the cursed +2 double sword of the Shining Light {drain, Dex+4} (You took it off a deep elf archer on level 3 of the Elven Halls)
 47211 | Elf:3    | Identified the +6 long sword of Governance {slice, +Rage Int+3} (You took it off a deep elf death mage on level 3 of the Elven Halls)
 47359 | Elf:3    | Identified Sif Muna's Tome of the Creative Voyage
 47375 | Elf:3    | Identified the +4 leather armour of the Pleiades {-Cast rElec Dex+6} (You found it on level 3 of the Elven Halls)
 47395 | Elf:3    | Identified the ring of Bueplumu {*Corrode rPois MP+9 Int+5} (You took it off a deep elf archer on level 3 of the Elven Halls)
 48432 | Vaults:1 | Entered Level 1 of the Vaults
 48871 | Vaults:1 | Got a jewelled scale mail
 48914 | Vaults:1 | Gained mutation: You have a pair of large horns on your head. [demonic ancestry]
 48914 | Vaults:1 | Reached XP level 20. HP: 147/147 MP: 35/37
 48919 | Vaults:1 | Reached skill level 18 in Shields
 49217 | D:15     | Identified the +0 scale mail "Hylicemu" {rPois rC++} (You found it on level 1 of the Vaults)
 49341 | D:15     | Learned a level 2 spell: Blink
 50700 | Vaults:2 | Found Muanlik's Food Emporium.
 50706 | Vaults:2 | Bought a meat ration for 65 gold pieces
 50706 | Vaults:2 | Bought a royal jelly for 26 gold pieces
 50706 | Vaults:2 | Bought a royal jelly for 26 gold pieces
 50706 | Vaults:2 | Bought a meat ration for 65 gold pieces
 50706 | Vaults:2 | Bought a meat ration for 65 gold pieces
 50706 | Vaults:2 | Bought a royal jelly for 26 gold pieces
 50706 | Vaults:2 | Bought a bread ration for 65 gold pieces
 50706 | Vaults:2 | Bought a meat ration for 65 gold pieces
 50706 | Vaults:2 | Bought a bread ration for 65 gold pieces
 50706 | Vaults:2 | Bought a bread ration for 65 gold pieces
 50706 | Vaults:2 | Bought a bread ration for 65 gold pieces
 50706 | Vaults:2 | Bought a bread ration for 65 gold pieces
 50706 | Vaults:2 | Bought a meat ration for 65 gold pieces
 50833 | Vaults:2 | Noticed Mennas
 50862 | Vaults:2 | HP: 1/147 [vault warden/war axe (24)]
 51858 | Vaults:3 | Reached skill level 19 in Shields
 52858 | Vaults:3 | Found Ogaat's Magic Scroll Boutique.
 52885 | Vaults:3 | Bought a scroll of identify for 32 gold pieces
 52885 | Vaults:3 | Bought a scroll of teleportation for 48 gold pieces
 52885 | Vaults:3 | Bought a scroll of amnesia for 56 gold pieces
 52885 | Vaults:3 | Bought a scroll of identify for 32 gold pieces
 52885 | Vaults:3 | Bought a scroll of identify for 32 gold pieces
 52885 | Vaults:3 | Bought 2 scrolls of identify for 64 gold pieces
 52885 | Vaults:3 | Bought a scroll of brand weapon for 320 gold pieces
 52885 | Vaults:3 | Bought a scroll of magic mapping for 56 gold pieces
 52885 | Vaults:3 | Bought a scroll of remove curse for 48 gold pieces
 52885 | Vaults:3 | Bought a scroll of remove curse for 48 gold pieces
 52885 | Vaults:3 | Bought a scroll of identify for 32 gold pieces
 52885 | Vaults:3 | Bought a scroll of identify for 32 gold pieces
 52885 | Vaults:3 | Bought a scroll of identify for 32 gold pieces
 52885 | Vaults:3 | Bought a scroll of identify for 32 gold pieces
 53233 | Vaults:2 | Slain by Mennas

Vault maps used:
D:1:      roderic_dead_forest
D:2:      minivault_19
D:3:      first_bread
D:4:      nemelex_xobeh_ov_fountains_minmay, uniq_natasha
D:5:      basic_altar, feat_on_display
D:6:      uniq_eustachio
D:7:      minmay_temple_entry_junction
D:8:      minmay_lair_entry_grove, serial_shops, nicolae_shop_stone
D:9:      david_nohive_1, minmay_misc_feat_chi
D:10:     orc_0_dummy, enter_bailey_3, serial_shops, shop
D:11:     serial_shops, nicolae_shop_behind_doors
D:12:     serial_shops, nicolae_shop_behind_doors, uniq_nessos
D:13:     serial_bayou, serial_bayou_lagoon_b, serial_bayou_lake_a,
          serial_bayou_pond_b, serial_bayou_lagoon_a
D:14:     david_vaults_5, tso_altar
D:15:     grunt_enter_depths_snipers, serial_shops, shop, nicolae_two_hexagons,
          nicolae_ashenzari_panopticon, uniq_kirke
Temple:   regret_index_temple_sigil_plot
Lair:1:   small_statue_intersection
Lair:2:   lab_entry_generic, grunt_megastairs_3
Lair:3:   elwin_shoals_entry_rooms, guppyfry_snake_entry_garden, basic_altar
Lair:4:   uniq_urug
Lair:6:   grunt_lair_end_beastmaster, dpeg_slime_entry_corner
Shoals:1: serial_shops, nicolae_shop_stone
Shoals:2: nicolae_shoals_so_close
Shoals:4: shoals_end_hangedman, shoals_ilsuiw_alternative
Snake:1:  serial_shops, nicolae_shop_crystal, nicolae_snake_squiggles,
          spider_trap, uniq_agnes
Snake:2:  nicolae_snake_hallway, uniq_aizul
Snake:3:  spider_trap
Snake:4:  grunt_snake_rune_pools, st_stairs_13
Orc:1:    basic_altar
Orc:2:    kennysheep_orc_mage_school, enter_volcano_1
Elf:1:    hangedman_elf_represent, minmay_shop_grove
Elf:2:    basic_altar, portal_desolation_entry_salt, uniq_saint_roka
Elf:3:    grunt_elf_hall_spiral, uniq_jorgrun
Vaults:1: nicolae_vaults_little_squares_2, vaults_room_ringed_pool,
          grunt_vaults_bifocal, nicolae_vaults_three_branches, v_misc_3,
          hangedman_vaults_trim, nicolae_vaults_network_s,
          nicolae_vaults_shelves_hall, nicolae_vaults_hallways_thing,
          ontoclasm_vaults_tryst, nicolae_vaults_ring_of_whatevers, v_misc_9
Vaults:2: blue_anna_dwarven_crypt, nicolae_vaults_little_squares_2,
          nicolae_vaults_statue_guard, vaults_room_mumra_shop_pool,
          nicolae_vaults_network_barrier, v_misc_16, nicolae_vaults_asterisk,
          vaults_room_pools, nicolae_vaults_ring_of_whatevers, uniq_mennas
Vaults:3: v_alt_pattern_4, nicolae_vaults_little_squares_6,
          nicolae_vaults_alarming, nicolae_vaults_triangles, v_pattern_4,
          v_rooms_4, nicolae_vaults_diagonal_hallway_7,
          nicolae_vaults_what_the_h, serial_ice_b, v_alt_pattern_4,
          vaults_dpeg_hooks, nicolae_vaults_big_ls, vaults_dpeg_encased_lava,
          serial_shops, shop
Abyss:1:  kilobyte_mutagenic_chamber
Lab:      labyrinth_spiral, labyrinth_skeletal_remains, nicolae_lab_garden
Bailey:   bailey_axe_of_yendor_kennysheep, bailey
Volcano:  pf_volcano_lost_world

Skill      XL: |  1  2  3  4  5  6  7  8  9 10 11 12 13 14 15 16 17 18 19 20 |
---------------+-------------------------------------------------------------+-----
Axes           | 2 3 4 5 |  5.7
Dodging        | 1 2 3 5 6 7 8 9 10 | 10.0
Armour         | 3 4 5 6 7 8 9 10 11 12 13 14 | 14.3
Fighting       | 2 3 4 5 7 8 9 10 | 10.0
Polearms       | 3 5 6 |  6.8
Shields        | 4 6 8 9 10 11 12 14 17 19 | 19.7
Poison Magic   | 2 5 8 9 |  9.4
Spellcasting   | 2 5 7 8 10 11 12 13 | 13.2
Maces & Flails | 3 5 |  5.0
Air Magic      | 4 |  4.6
Hexes          | 2 6 8 9 |  9.5
Conjurations   | 3 |  3.0
Translocations | 1 |  1.5
Throwing       | 2 |  2.1
Bows           | |  1.7
Stealth        | |  1.0

Action                   |  1- 3 |  4- 6 |  7- 9 | 10-12 | 13-15 | 16-18 | 19-21 || total
-------------------------+-------+-------+-------+-------+-------+-------+-------++-------
Melee: Hand axe          |   112 |   148 |   276 |       |       |       |       ||   536
       Headbutt          |    19 |    35 |    75 |   246 |   553 |   684 |   463 ||  2075
       Spear             |       |       |    65 |   733 |   962 |   975 |   157 ||  2892
       Unarmed           |       |       |       |     1 |       |       |       ||     1
       Whip              |       |       |       |       |   448 |   670 |   718 ||  1836
       Eveningstar       |       |       |       |       |       |   115 |   146 ||   261
Throw: Tomahawk          |       |     2 |     5 |       |     6 |     5 |       ||    18
       Stone             |       |     1 |       |       |       |       |       ||     1
       Javelin           |       |       |       |       |       |       |     8 ||     8
 Cast: Sting             |       |       |       |    22 |    19 |    34 |     2 ||    77
       Mephitic Cloud    |       |       |       |       |    29 |    80 |    62 ||   171
       Olgreb's Toxic Ra |       |       |       |       |    11 |    63 |    26 ||   100
       Poisonous Vapours |       |       |       |       |     1 |       |       ||     1
       Confuse           |       |       |       |       |       |    22 |     3 ||    25
       Tukima's Dance    |       |       |       |       |       |       |    10 ||    10
       Lesser Beckoning  |       |       |       |       |       |       |     1 ||     1
       Apportation       |       |       |       |       |       |       |     1 ||     1
Invok: Potion Petition   |       |       |     1 |       |       |     4 |     1 ||     6
       Call Merchant     |       |       |       |     2 |     3 |     1 |     1 ||     7
Evoke: Wand              |       |     1 |     6 |    19 |     6 |    21 |       ||    53
       Box of beasts     |       |       |       |     1 |       |       |     1 ||     2
       Phial of floods   |       |       |       |       |       |     2 |     1 ||     3
       Fan of gales      |       |       |       |       |       |     1 |     1 ||     2
       Lightning rod     |       |       |       |       |       |       |    10 ||    10
  Use: Scroll            |       |     9 |     6 |    19 |    20 |    21 |    16 ||    91
       Potion            |       |       |     5 |     2 |     7 |    11 |    13 ||    38
 Stab: Distracted        |       |       |       |     6 |     4 |     8 |     9 ||    27
       Sleeping          |       |       |       |     1 |       |    10 |     6 ||    17
       Confused          |       |       |       |       |    17 |    15 |    16 ||    48
       Invisible         |       |       |       |       |       |     5 |       ||     5
  Eat: Chunk             |     1 |     6 |     6 |       |       |       |       ||    13
       Bread ration      |       |       |     1 |     2 |     6 |    11 |     3 ||    23
       Fruit             |       |       |     1 |       |    10 |     6 |       ||    17
       Royal jelly       |       |       |       |     7 |     6 |     1 |     8 ||    22
       Meat ration       |       |       |       |       |       |       |     2 ||     2
Armor: Chain mail        |    66 |    89 |    73 |       |       |       |       ||   228
       Plate armour      |       |       |   142 |   225 |   477 |   407 |       ||  1251
       Leather armour    |       |       |       |    16 |       |       |       ||    16
       Ring mail         |       |       |       |       |       |    54 |    24 ||    78
       Storm dragon scal |       |       |       |       |       |       |   128 ||   128
Dodge: Dodged            |    36 |    57 |   129 |   343 |   616 |   779 |   273 ||  2233
       Deflected         |       |       |       |       |       |   107 |    14 ||   121
Block: Buckler           |       |       |       |    98 |   388 |   461 |       ||   947
       Large shield      |       |       |       |       |       |   452 |  1300 ||  1752
       Reflection        |       |       |       |       |       |     1 |    54 ||    55

Table legend:
 A = Spawn XP
 B = Non-spawn XP
 C = Spawn XP percentage of total XP
 D = Spawn monster count
 E = Non-spawn monster count
 F = Spawn count percentage of total count
 G = Total turns spent on level
                    A         B        C        D         E        F      G
               +---------+---------+-------+---------+---------+-------+---------
         Total |     393 |  547875 |   0.1 |       2 |    1372 |   0.1 | 53233
               +---------+---------+-------+---------+---------+-------+---------
           D:1 |       0 |      36 |   0.0 |       0 |      21 |   0.0 |   528
           D:2 |       0 |      43 |   0.0 |       0 |      17 |   0.0 |   816
           D:3 |       0 |     134 |   0.0 |       0 |      26 |   0.0 |   796
           D:4 |       0 |     438 |   0.0 |       0 |      16 |   0.0 |   690
           D:5 |       0 |    1205 |   0.0 |       0 |      46 |   0.0 |  1021
           D:6 |       0 |     756 |   0.0 |       0 |      11 |   0.0 |   449
           D:7 |       0 |     602 |   0.0 |       0 |      19 |   0.0 |   687
           D:8 |       0 |    3963 |   0.0 |       0 |      22 |   0.0 |   986
           D:9 |       0 |    3445 |   0.0 |       0 |      40 |   0.0 |  1256
          D:10 |       0 |    8368 |   0.0 |       0 |      44 |   0.0 |  1642
          D:11 |       0 |    7290 |   0.0 |       0 |      38 |   0.0 |  1185
          D:12 |       0 |    9080 |   0.0 |       0 |      34 |   0.0 |  1613
          D:13 |       0 |   10289 |   0.0 |       0 |      45 |   0.0 |  1582
          D:14 |       0 |   11777 |   0.0 |       0 |      30 |   0.0 |  1392
          D:15 |       0 |   11342 |   0.0 |       0 |      22 |   0.0 |  2320
        Lair:1 |       0 |    4811 |   0.0 |       0 |      23 |   0.0 |   888
        Lair:2 |       0 |    3479 |   0.0 |       0 |      10 |   0.0 |   915
        Lair:3 |       0 |    3949 |   0.0 |       0 |      16 |   0.0 |   756
        Lair:4 |       0 |    6775 |   0.0 |       0 |      19 |   0.0 |   971
        Lair:5 |       0 |    3103 |   0.0 |       0 |      11 |   0.0 |   883
        Lair:6 |       0 |   19901 |   0.0 |       0 |      41 |   0.0 |  1373
      Shoals:1 |       0 |   18401 |   0.0 |       0 |      38 |   0.0 |  1282
      Shoals:2 |       0 |   10298 |   0.0 |       0 |      19 |   0.0 |   884
      Shoals:3 |       0 |   10573 |   0.0 |       0 |      23 |   0.0 |  1163
      Shoals:4 |       0 |   26136 |   0.0 |       0 |      39 |   0.0 |  1109
       Snake:1 |       0 |   25504 |   0.0 |       0 |      41 |   0.0 |  2301
       Snake:2 |       0 |   31595 |   0.0 |       0 |      54 |   0.0 |  2782
       Snake:3 |       0 |   10984 |   0.0 |       0 |      23 |   0.0 |  1375
       Snake:4 |       0 |   61301 |   0.0 |       0 |      96 |   0.0 |  3907
         Orc:1 |       0 |    2624 |   0.0 |       0 |      23 |   0.0 |   654
         Orc:2 |       0 |   10997 |   0.0 |       0 |      54 |   0.0 |  1213
         Elf:1 |       0 |   15140 |   0.0 |       0 |      23 |   0.0 |  1035
         Elf:2 |       0 |   13591 |   0.0 |       0 |      21 |   0.0 |  1599
         Elf:3 |       0 |   59353 |   0.0 |       0 |      61 |   0.0 |  1743
      Vaults:1 |       0 |   26287 |   0.0 |       0 |      52 |   0.0 |  1522
      Vaults:2 |       0 |    6868 |   0.0 |       0 |      11 |   0.0 |   732
      Vaults:3 |       0 |   50549 |   0.0 |       0 |      90 |   0.0 |  2150
       Abyss:1 |     393 |       0 | 100.0 |       2 |       0 | 100.0 |   104
           Lab |       0 |    1098 |   0.0 |       0 |       1 |   0.0 |   401
        Bailey |       0 |    4862 |   0.0 |       0 |      42 |   0.0 |   689
       Volcano |       0 |    6957 |   0.0 |       0 |      27 |   0.0 |   450
    Desolation |       0 |   43971 |   0.0 |       0 |      83 |   0.0 |  3368
               +---------+---------+-------+---------+---------+-------+---------
